Map: Darkness Sanctuary LE

Players

TheBloke - Winner!

  • Race: Zerg Zerg
  • League: Diamond
  • Spawn Location: 11:00

Thelon

  • Race: Zerg Zerg
  • League: Diamond
  • Spawn Location: 5:00

VOD

Have the link to the VOD?

Description

Ultras vs lurkers

Time

  • Played on: May 27, 2018, 10:57 a.m.
  • Length: 16:04
Show
View Real Time Build Order
Export as new Build Order

TheBloke Zerg - Winner!

Build Orders: Hatch First 

Get SALT Encoding   

  12  0:00  Drone  
  13  0:13  Overlord  
  13  0:18  Drone  
  14  0:32  Drone x2  
  16  0:36  Drone  
  17  0:53  Hatchery  
  17  0:56  Drone  
  17  0:59  Drone  
  18  1:11  Extractor  
  18  1:15  Spawning Pool  
  18  1:18  Drone  
  17  1:20  Drone  
  18  1:30  Drone  
  19  1:40  Overlord  
  19  1:50  Drone  
  20  2:02  Queen  
  20  2:04  Queen  
  20  2:05  Zergling x4  
  26  2:13  Drone  
  27  2:15  Drone  
  28  2:32  Hatchery, Metabolic Boost  
  27  2:38  Drone  
  27  2:39  Drone  
  29  2:46  Drone x2  
  31  2:51  Baneling Nest  
  31  2:58  Drone x3  
  33  3:04  Overlord  
  33  3:08  Drone  
  34  3:18  Drone x2  
  36  3:23  Zergling x2  
  37  3:27  Spine Crawler  
  37  3:33  Zergling x8  
  37  3:34  Zergling x4  
  42  3:50  Baneling x2  
  42  3:56  Drone x6  
  42  4:00  Overlord x2  
  42  4:01  Drone x2  
  50  4:17  Queen  
  50  4:19  Extractor  
  51  4:24  Lair  
  51  4:25  Drone x3  
  51  4:26  Drone x5  
  57  4:39  Baneling  
  57  4:40  Baneling  
  52  4:46  Evolution Chamber  
  52  4:48  Zergling x10  
  52  4:49  Roach Warren, Zergling x6  
  57  5:00  Overlord x2  
  57  5:01  Overlord  
  57  5:09  Overlord x2  
  57  5:13  Drone x4, Extractor  
  60  5:15  Zerg Missile Weapons Level 1  
  60  5:33  Glial Reconstitution  
  60  5:37  Drone x2  
  62  5:43  Drone  
  62  5:47  Roach x4  
  62  5:48  Roach x3  
  76  5:54  Drone x3, Extractor  
  76  5:55  Drone x3  
  81  5:59  Drone  
  82  6:14  Drone x9, Hydralisk Den  
  82  6:15  Drone  
  82  6:16  Hatchery  
  82  6:17  Overseer  
  90  6:27  Roach x2  
  90  6:28  Roach  
  96  6:34  Extractor  
  96  6:36  Overlord x3, Extractor  
  96  6:37  Drone x4  
  96  6:38  Drone x2  
  100  6:47  Muscular Augments  
  100  7:02  Roach x9  
  100  7:03  Roach x2  
  121  7:13  Zerg Ground Armor Level 1  
  120  7:20  Drone x6  
  125  7:33  Roach x5  
  125  7:34  Roach  
  132  7:39  Hydralisk  
  132  7:41  Overlord x5  
  134  7:53  Evolution Chamber, Queen  
  135  7:58  Grooved Spines  
  135  8:00  Drone  
  135  8:01  Drone x8, Extractor  
  135  8:02  Drone  
  144  8:15  Burrow  
  144  8:17  Ravager x2  
  144  8:18  Ravager x9  
  144  8:19  Zergling x2  
  156  8:20  Zergling x16  
  156  8:24  Extractor  
  156  8:26  Drone  
  156  8:27  Drone  
  165  8:41  Tunneling Claws  
  165  8:43  Roach x4  
  165  8:44  Roach  
  165  8:45  Overlord x4  
  165  8:46  Overlord  
  175  8:53  Infestation Pit  
  174  8:58  Overlord x2  
  174  9:04  Hydralisk  
  174  9:05  Hydralisk x9  
  174  9:06  Hydralisk  
  196  9:10  Hatchery  
  117  9:54  Hydralisk  
  117  9:55  Hydralisk x16  
  117  9:56  Hydralisk x3  
  155  10:01  Roach  
  157  10:07  Zerg Ground Armor Level 2  
  157  10:11  Roach  
  157  10:12  Roach x5  
  169  10:31  Roach x7  
  169  10:32  Roach x2  
  187  10:38  Hive  
  183  10:57  Roach  
  183  10:58  Roach x7  
  183  11:01  Pathogen Glands  
  199  11:25  Spire  
  198  11:31  Ravager x2  
  200  11:49  Overlord  
  198  12:12  Ultralisk Cavern  
  198  12:14  Zerg Melee Weapons Level 1  
  179  12:31  Overseer x3  
  175  13:11  Ultralisk x4  
  175  13:12  Chitinous Plating  
  195  13:22  Extractor  
  195  13:24  Greater Spire, Extractor  
  191  13:32  Pneumatized Carapace  
  191  13:34  Overseer x4  
  177  13:43  Corruptor x5  
  177  13:45  Ultralisk x2  
  197  14:16  Viper  
  178  14:35  Ultralisk x7  
  152  15:01  Overseer  
  152  15:02  Overseer  
  152  15:11  Brood Lord  
  152  15:12  Brood Lord x4  
  152  15:14  Zergling x6  
  163  15:15  Zergling x2  
  163  15:16  Overlord x8  
  163  15:17  Overlord x2  
  163  15:19  Overseer x4  
  163  15:20  Overseer  
Show
View Real Time Build Order
Export as new Build Order

Thelon Zerg 

Build Orders: 3 Hatch before Pool, Lurkers 

Get SALT Encoding   

  12  0:01  Drone  
  13  0:12  Overlord  
  13  0:17  Drone  
  14  0:31  Drone x2  
  16  0:51  Hatchery  
  16  0:54  Drone  
  16  0:56  Drone  
  17  1:17  Hatchery  
  16  1:22  Extractor  
  16  1:23  Drone  
  16  1:38  Spawning Pool  
  15  1:41  Drone  
  16  1:48  Overlord  
  16  1:53  Drone  
  17  2:04  Drone x2  
  17  2:08  Drone  
  20  2:20  Drone x2  
  22  2:25  Metabolic Boost  
  22  2:29  Drone  
  24  2:30  Drone x2  
  24  2:36  Overlord  
  25  2:40  Zergling x2  
  25  2:43  Zergling x2  
  27  2:52  Zergling x6  
  30  3:04  Queen  
  32  3:06  Queen  
  32  3:09  Zergling x2  
  35  3:17  Spine Crawler  
  34  3:30  Roach Warren, Extractor  
  34  3:33  Lair  
  32  3:37  Drone  
  32  3:38  Evolution Chamber  
  32  3:57  Overlord x3  
  32  4:03  Zerg Missile Weapons Level 1  
  32  4:10  Drone x3  
  32  4:15  Roach  
  37  4:22  Roach  
  39  4:24  Roach  
  41  4:33  Roach  
  41  4:43  Roach x3  
  42  4:47  Drone  
  43  4:54  Drone x2  
  42  5:03  Glial Reconstitution  
  42  5:07  Drone  
  42  5:08  Drone x2  
  45  5:19  Drone x3  
  45  5:20  Drone  
  49  5:28  Drone x3  
  51  5:34  Overlord  
  52  5:40  Drone  
  52  5:41  Drone x2  
  55  5:47  Queen  
  57  5:57  Zerg Missile Weapons Level 2  
  57  5:59  Drone x3  
  57  6:01  Drone  
  61  6:12  Roach  
  61  6:13  Roach x3  
  61  6:15  Overlord  
  69  6:18  Overlord  
  69  6:21  Overlord  
  69  6:30  Roach x2  
  73  6:35  Roach  
  73  6:36  Roach x3  
  73  6:37  Roach  
  83  6:49  Spine Crawler  
  80  7:16  Roach x8  
  80  7:19  Overlord  
  80  7:20  Overlord x6  
  92  7:48  Hydralisk Den  
  91  7:51  Roach  
  91  7:52  Roach x8  
  91  7:56  Extractor  
  91  7:57  Extractor  
  105  8:09  Overlord x3  
  105  8:10  Overlord  
  105  8:15  Extractor  
  105  8:16  Extractor  
  105  8:17  Zerg Ground Armor Level 1  
  105  8:18  Hatchery  
  102  8:26  Drone x7  
  109  8:37  Grooved Spines  
  109  8:53  Drone x6  
  109  8:54  Drone x3  
  118  9:09  Infestation Pit  
  114  9:20  Hatchery  
  114  9:23  Hydralisk x5  
  112  9:35  Hydralisk x3  
  91  9:48  Muscular Augments  
  91  9:53  Roach, Hydralisk x2  
  97  10:05  Drone x8  
  105  10:18  Hydralisk x2  
  109  10:27  Extractor  
  109  10:28  Roach x3, Extractor  
  113  10:41  Drone  
  113  10:42  Drone x5  
  109  10:58  Lurker Den  
  109  11:00  Drone  
  109  11:01  Drone x5  
  114  11:21  Roach  
  114  11:22  Roach x6  
  114  11:25  Extractor  
  127  11:27  Drone, Extractor  
  127  11:30  Queen  
  127  11:32  Queen  
  131  11:33  Zerg Ground Armor Level 2  
  130  11:51  Roach  
  130  11:52  Roach x6  
  136  12:05  Hydralisk  
  104  12:27  Lurker x6  
  105  12:30  Lurker  
  105  12:34  Zergling x14  
  105  12:35  Zergling x6  
  116  12:38  Queen  
  118  12:52  Lurker  
  118  12:53  Lurker  
  120  12:58  Hatchery  
  116  13:11  Lurker  
  116  13:12  Lurker x2  
  105  13:44  Hydralisk  
  105  13:45  Hydralisk x6  
  115  13:59  Drone x3  
  118  14:16  Hatchery  
  54  14:57  Hydralisk x11  
  54  14:58  Hydralisk x2  
  78  15:05  Drone x3  
  78  15:06  Drone  
  82  15:09  Drone x2  
  82  15:11  Drone  
Tags
 
Add a new tag
Caveats
  • Supply blocks, unpowered buildings, or Contaminate may cause inaccurate times.
  • Supply counts are checked every 10 seconds.